 Dungeon Crawl Stone Soup version 0.21.0-26-g889b8f6 (webtiles) character file.

403 nikopol the Shield-Bearer (level 6, -3/39 HPs)
             Began as a Gargoyle Fighter on Jan 27, 2018.
             Slain by an ogre
             ... wielding a +0 giant club
              (12 damage)
             ... on level 4 of the Dungeon.
             The game lasted 00:05:17 (2928 turns).

nikopol the Shield-Bearer (Gargoyle Fighter)        Turns: 2928, Time: 00:05:18

Health: -3/39      AC: 11    Str: 20    XL:     6   Next: 86%
Magic:  6/6        EV:  8    Int:  9    God:
Gold:   210        SH:  9    Dex: 10    Spells: 5/5 levels left

rFire    . . .     SeeInvis .   a - +0 war axe
rCold    . . .     Gourm    .   c - +0 shield
rNeg     + . .     Faith    .   b - +0 scale mail
rPois    ∞         Spirit   .   (no helmet)
rElec    +         Reflect  .   (no cloak)
rCorr    .         Harm     .   (no gloves)
MR       .....                  (no boots)
Stlth    ..........             (no amulet)
HPRegen  0.13/turn              (no ring)
MPRegen  0.10/turn              (no ring)

@: no status effects
A: negative energy resistance 1, electricity resistance, unbreathing,
petrification resistance, rot immunity, AC +4
a: no special abilities


You were on level 4 of the Dungeon.
You were not hungry.

You visited 1 branch of the dungeon, and saw 4 of its levels.

You collected 210 gold pieces.

Inventory:

Hand Weapons
 a - a +0 war axe (weapon)
Armour
 b - a +0 scale mail (worn)
 c - a +0 shield (worn)
Jewellery
 i - an uncursed ring of positive energy {unknown}
Wands
 d - a wand of flame (18)
Scrolls
 h - 8 scrolls of identify {unknown}
 j - a scroll of enchant armour {unknown}
 k - a scroll of immolation {unknown}
 l - a scroll of fog {unknown}
 m - 2 scrolls of teleportation {unknown}
 n - a scroll of noise {unknown}
 q - a scroll of remove curse {unknown}
Potions
 e - a potion of curing {unknown}
 g - a potion of agility {unknown}
 o - a potion of berserk rage {unknown}
 p - a potion of degeneration {unknown}
 r - a potion of lignification {unknown}
 t - a potion of flight {unknown}
Comestibles
 f - 4 rations


   Skills:
 + Level 4.5 Fighting
 + Level 3.9 Axes
 + Level 4.7 Armour
 + Level 0.9 Dodging
 + Level 4.9 Shields


You had 5 spell levels left.
You didn't know any spells.

Dungeon Overview and Level Annotations

Branches:
Dungeon (4/15)
 Temple: D:4-7

Altars:

Shops:
D:4 =


Innate Abilities, Weirdness & Mutations

You are resistant to torment.
Your stone body is resilient. (AC +4)
You are immune to poison.
You resist negative energy. (rN+)
You are resistant to electric shocks. (rElec)
You can survive without breathing.
You are immune to petrification.
You are immune to rotting.


Message History

You barely miss the ogre.
The ogre is moderately wounded.
The ogre barely misses you.
You hit the ogre.
The ogre is moderately wounded.
The ogre hits you with a giant club!
You closely miss the ogre.
The ogre is moderately wounded.
The ogre hits you but does no damage.
You slash the ogre!
The ogre is severely wounded.
You block the ogre's attack.
You barely miss the ogre.
The ogre is severely wounded.
The ogre barely misses you. The ogre hits you with a giant club!
* * * LOW HITPOINT WARNING * * *
You barely miss the ogre.
The ogre is severely wounded.
The ogre hits you with a giant club!
You die...

#.....#....#......#...
#.....#....#......#...
#.....#....#......'... #
##+##.##.########'#...
#.##.##.####............
#..........#.....<...###
+......$...#.........#
#..........#.........#
#.##.##@.###.........# #
#. #O.# ####......# .
..... +......# +.
........ #......#
..........#......#
############


You could see an ogre.

Vanquished Creatures
  Sigmund (D:2)
  The ghost of Swippen the Shield-Bearer, an amateur GnFi (D:3)
  An adder (D:3)
  An ooze (D:3)
  2 worms
  3 leopard geckos
  2 ball pythons
  5 bats
  2 giant cockroaches (D:3)
  7 goblins
  8 hobgoblins
  4 jackals (D:2)
  5 kobolds
  3 quokkas
  4 frilled lizards
  A quokka skeleton (D:4)
  21 rats
71 creatures vanquished.

Notes
Turn   | Place    | Note
-------+----------+-------------------------------------------
     0 | D:1      | nikopol the Gargoyle Fighter began the quest for the Orb.
     0 | D:1      | Reached XP level 1. HP: 14/14 MP: 1/1
   142 | D:1      | Reached XP level 2. HP: 17/19 MP: 2/2
   330 | D:1      | You fall through a shaft!
   616 | D:2      | Noticed Sigmund
   632 | D:2      | Killed Sigmund
   632 | D:2      | Reached XP level 3. HP: 7/24 MP: 3/3
   632 | D:2      | Reached XP level 4. HP: 9/29 MP: 4/4
   632 | D:2      | Reached XP level 5. HP: 10/33 MP: 5/5
  2042 | D:3      | Noticed Swippen's ghost (amateur GnFi)
  2252 | D:3      | Killed Swippen's ghost
  2252 | D:3      | Reached XP level 6. HP: 25/39 MP: 6/6
  2849 | D:4      | Found Orchusmuta's Jewellery Emporium.
  2928 | D:4      | Slain by an ogre

Skill      XL: |  1  2  3  4  5 |
---------------+----------------+-----
Fighting       | 4 |  4.5
Axes           | 2 3 |  3.9
Armour         | 4 |  4.7
Shields        | 4 |  4.9
Dodging        | |  0.9

Action                   |  1- 3 |  4- 6 || total
-------------------------+-------+-------++-------
Melee: War axe           |    47 |   178 ||   225
  Use: Potion            |     1 |       ||     1
  Eat: Chunk             |       |     7 ||     7
Armor: Scale mail        |    38 |   101 ||   139
Dodge: Dodged            |    13 |    53 ||    66
Block: Shield            |    34 |    92 ||   126
